 Dungeon Crawl Stone Soup version 0.14-a0-736-g2a71271 (webtiles) character file.

135 Malachi the Insei (level 4, -2/35 HPs)
             Began as a Draconian Transmuter on Nov 7, 2013.
             Splashed by a jelly's acid (4 damage)
             ... on Level 2 of the Dungeon.
             The game lasted 00:02:15 (1816 turns).

Malachi the Ruffian (Draconian Transmuter)          Turns: 1816, Time: 00:02:16

HP  -2/35        AC  2     Str 14      XL: 4   Next:  4%
MP   3/6         EV 20     Int 15      God:
Gold 65          SH  0     Dex 16      Spells:  3 memorised,  1 level left

Res.Fire  : . . .   See Invis. : .     - Unarmed
Res.Cold  : . . .   Warding    : .   (armour unavailable)
Life Prot.: . . .   Conserve   : .   (shield currently unavailable)
Res.Poison: x       Res.Corr.  : .   (helmet currently unavailable)
Res.Elec. : .       Clarity    : .   (cloak currently unavailable)
Sust.Abil.: . .     Spirit.Shd : .   i - melded +0 pair of gloves
Res.Mut.  : .       Stasis     : .   (boots currently unavailable)
Res.Rott. : .       Flight     : .   (no amulet)
Saprovore : . . .                    (no ring)
                                     j - +2 ring of strength

@: spider-form (expiring), quick, slightly resistant to hostile enchantments,
unstealthy
A: unfitting armour, AC +5
a: End Transformation


You were on level 2 of the Dungeon.
You were hungry.
You were in spider-form.
You visited 1 branch of the dungeon, and saw 2 of its levels.

You collected 65 gold pieces.

Inventory:

Missiles
 b - 38 arrows
Armour
 i - a +0 pair of gloves (melded)
Comestibles
 a - a bread ration
 k - a meat ration
 o - an apple
Scrolls
 e - a scroll of enchant weapon II {unknown}
 g - a scroll of teleportation {unknown}
 l - 2 scrolls of remove curse {unknown}
Jewellery
 j - a +2 ring of strength (left front leg)
Potions
 c - a potion of degeneration {unknown}
 h - a potion of speed {unknown}
Books
 d - a book of Changes

   Spells                             Type                      Level
   *Beastly Appendage                 Transmutation                1
   *Sticks to Snakes                  Transmutation                2
   *Spider Form                       Transmutation/Poison         3
   Ice Form                           Ice/Transmutation            4
   Blade Hands                        Transmutation                5


   Skills:
 + Level 1.2 Fighting
 + Level 2.4 Dodging
 + Level 0.2 Stealth
 * Level 3.9 Unarmed Combat
 - Level 2.0 Spellcasting
 * Level 2.8 Transmutations


You had one spell level left.
You knew the following spells:

 Your Spells              Type           Power        Failure   Level  Hunger
a - Beastly Appendage     Trmt           ##....       24%         1    #......
b - Sticks to Snakes      Trmt           ##........   28%         2    ###....
c - Spider Form           Trmt/Pois      #.........   65%         3    ####...


Dungeon Overview and Level Annotations

Branches:
Dungeon (2/27)

Altars:
Xom

Annotations:
D:2 Sigmund


Message History

Your transformation is almost over.
You open the door.
You fall off the door.
You hit the jelly.
Your front legs burn!
The jelly is lightly wounded.
The jelly misses you.
You hit the jelly.
Your front legs burn!
The jelly is lightly wounded.
The jelly completely misses you.
You hit the jelly.
Your front legs burn!
The jelly is lightly wounded.
The jelly completely misses you.
You hit the jelly.
Your front legs burn!
The jelly is moderately wounded.
The jelly barely misses you.
You bite the jelly!
Your front legs burn!
The jelly is severely wounded.
The jelly hits you.
You are splashed with acid!
The acid burns!
* * * LOW HITPOINT WARNING * * *
You hit the jelly.
Your front legs burn!
You die...

#.##........
#.##......
#.##.....####
#<##..#.....#
#.##......#.#
#...........#.#
##.............
###.%........##
#..)...((..s.#######.#
#.###'##+##J#........#
#. #.##.##.##########
# #'##'##+##
##.......####
##..._...#.?..#
#....##.....##.....
......######## ####
.............#


You could see a jelly.

Vanquished Creatures
  A jelly (D:2)
  An adder (D:2)
  9 bats (D:1)
  2 giant cockroaches (D:2)
  3 goblins
  4 hobgoblins (D:1)
  3 jackals (D:1)
  4 kobolds (D:1)
  A sheep (D:2)
  A ball python (D:1)
  3 giant newts
  A rat (D:2)
33 creatures vanquished.

Notes
Turn   | Place    | Note
--------------------------------------------------------------
     0 | D:1      | Malachi, the Draconian Transmuter, began the quest for the Orb.
     0 | D:1      | Reached XP level 1. HP: 16/16 MP: 1/1
   464 | D:1      | Reached XP level 2. HP: 23/23 MP: 0/3
  1301 | D:2      | Reached XP level 3. HP: 26/28 MP: 4/4
  1307 | D:2      | Learned a level 2 spell: Sticks to Snakes
  1311 | D:2      | Learned a level 3 spell: Spider Form
  1711 | D:2      | Found a shimmering altar of Xom.
  1712 | D:2      | Noticed Sigmund
  1733 | D:2      | Reached XP level 4. HP: 27/35 MP: 6/6
  1816 | D:2      | Splashed by a jelly's acid

Action                   |  1- 3 |  4- 6 || total
-------------------------+-------+-------++-------
Melee: Unarmed           |   122 |    11 ||   133
 Cast: Beastly Appendage |     6 |       ||     6
       Spider Form       |     1 |     1 ||     2
